[Event "Titled Tuesday Blitz August 02 Late 2022"]
[White "Makarian, Rudik"]
[Black "Yanchenko, Roman"]
[WhiteFideId "44105681"]
[BlackFideId "4137329"]
[WhiteElo "2403"]
[BlackElo "2514"]
[Result "1/2-1/2"]
[Round "07"]
[TimeControl "180+1"]
[Date "2022.08.02"]
[WhiteClock "0:00:05"]
[BlackClock "0:00:05"]

1. d3 d5 2. f4 Nf6 3. Nf3 b6 4. g3 Bb7 5. Bg2 g6 6. O-O Bg7 7. Ne5 Nbd7 8. Nc3 e6 9. Nxd7 Qxd7 10. e4 dxe4 11. dxe4 O-O-O 12. Qe2 h5 13. h3 h4 14. g4 e5 15. f5 Kb8 16. Bg5 Qe7 17. Nd5 Qc5+ 18. Be3 Qd6 19. Nxf6 Qxf6 20. Qc4 g5 21. Rfd1 Qe7 22. a4 f6 23. a5 Rxd1+ 24. Rxd1 Rd8 25. Ra1 Bf8 26. c3 Qd7 27. Kf2 Qd3 28. Qxd3 Rxd3 29. Ke2 Rd7 30. axb6 axb6 31. Kf3 Bc5 32. Bxc5 bxc5 33. Ke3 Bc6 34. Bf1 Kb7 35. Bc4 Rd8 36. Be6 Kb6 37. Bc4 Ra8 38. Rd1 Rb8 39. Bd5 Rd8 40. c4 Ba4 41. b3 Be8 42. Ra1 c6 43. Be6 Rb8 44. Kd3 Rd8+ 45. Kc3 Kb7 46. b4 cxb4+ 47. Kxb4 Rd3 48. Kc5 Rxh3 49. Rb1+ Kc7 50. Ra1 Rb3 51. Ra8 Rb8 52. Ra7+ Rb7 53. Ra3 Bd7 54. Rd3 Bc8 55. Rd6 Bxe6 56. fxe6 h3 57. Rd7+ Kc8 58. Rxb7 Kxb7 59. e7 h2 60. e8=Q h1=Q 61. Qxc6+ Kb8 62. Qb6+ Kc8 63. Qc6+ Kb8 64. Kd6 Qd1+ 65. Qd5 Qxg4 66. Qg8+ Kb7 67. Qd5+ Kb8 68. Qb5+ Kc8 69. c5 Qd1+ 70. Ke6 Qd8 71. Qa6+ Kb8 72. Qd6+ Qc7 73. Kxf6 g4 74. Qd5 g3 75. Qg8+ Kb7 76. Qxg3 Qc6+ 77. Kf5 Qd7+ 78. Kf6 Qd8+ 79. Kf5 Qf8+ 80. Ke6 Qe8+ 81. Kd5 Qc6+ 82. Kc4 Qxe4+ 83. Kb5 Qb1+ 84. Kc4 Qa2+ 85. Kb5 Qe2+ 86. Kb4 Qd2+ 87. Qc3 Qxc3+ 88. Kxc3 Kc7 89. Kd3 Kd7 90. Ke4 Kc6 91. Kxe5 Kxc5 1/2-1/2


[Site "https://www.chess.com"]

[Event "Titled Tuesday Blitz August 02 Late 2022"]
[White "Mardov, Dimitar"]
[Black "Shimanov, Aleksandr"]
[WhiteFideId "30919495"]
[BlackFideId "4198603"]
[WhiteElo "2185"]
[BlackElo "2605"]
[Result "0-1"]
[Round "07"]
[TimeControl "180+1"]
[Date "2022.08.02"]
[WhiteClock "0:00:07"]
[BlackClock "0:00:16"]

1. d4 Nf6 2. c4 g6 3. Nf3 Bg7 4. g3 O-O 5. Bg2 d6 6. O-O Ne4 7. Nbd2 Nxd2 8. Bxd2 e5 9. Bc3 e4 10. Ne1 f5 11. f3 exf3 12. Nxf3 Nc6 13. Qc2 Qe7 14. Qd3 f4 15. Rae1 Bf5 16. e4 fxe3 17. Qxe3 Qxe3+ 18. Rxe3 Bh6 19. Ree1 Bd3 20. Rf2 Bxc4 21. b3 Bd5 22. Nh4 Bxg2 23. Nxg2 Rxf2 24. Kxf2 Rf8+ 25. Ke2 Re8+ 26. Kd3 Rxe1 27. Nxe1 Kf7 28. d5 Ne7 29. Ke4 c6 30. dxc6 bxc6 31. Nf3 Ke6 32. Nd4+ Kd7 33. Nf3 d5+ 34. Kd3 c5 35. Ne5+ Ke6 36. Ng4 Bc1 37. Kc2 Bg5 38. h4 h5 39. Ne5 Bf6 40. Nd3 Bxc3 41. Kxc3 Kd6 42. Nf4 a5 43. a3 Ke5 44. Nd3+ Kd6 45. Nf4 Nf5 46. Nxg6 Nxg3 47. Nf4 Ne4+ 48. Kd3 Ng3 49. Kc3 Ne4+ 50. Kd3 Nf6 51. Kc3 Kc6 52. Kd3 Kb5 53. Kc3 a4 54. bxa4+ Kxa4 55. Ne6 Kb5 56. a4+ Kc6 57. a5 Ne4+ 58. Kd3 Kb5 59. Nf4 Nf6 60. Ne6 Nd7 61. Nc7+ Kc6 62. Ne6 Ne5+ 63. Kc3 d4+ 64. Nxd4+ cxd4+ 65. Kxd4 Nf3+ 66. Ke4 Nxh4 67. Kf4 Ng6+ 68. Kg5 h4 0-1


[Site "https://www.chess.com"]

[Event "Titled Tuesday Blitz August 02 Late 2022"]
[White "Nakamura, Hikaru"]
[Black "Andreikin, Dmitry"]
[WhiteFideId "2016192"]
[BlackFideId "4158814"]
[WhiteElo "2850"]
[BlackElo "2736"]
[Result "1/2-1/2"]
[Round "07"]
[TimeControl "180+1"]
[Date "2022.08.02"]
[WhiteClock "0:00:27"]
[BlackClock "0:00:04"]

1. Nf3 d5 2. e3 c5 3. b3 Nc6 4. Bb2 Nf6 5. Bb5 Bd7 6. O-O a6 7. Bxc6 Bxc6 8. Ne5 Rc8 9. d3 g6 10. c4 Bg7 11. Nd2 O-O 12. Qe2 dxc4 13. Ndxc4 Bd5 14. e4 Be6 15. f4 b5 16. Ne3 Nd7 17. Nxd7 Bxd7 18. Bxg7 Kxg7 19. Rad1 f6 20. d4 c4 21. f5 c3 22. b4 a5 23. a3 axb4 24. axb4 Qb6 25. Rd3 Qd6 26. fxg6 hxg6 27. Nf5+ Bxf5 28. exf5 Rh8 29. h3 Rh4 30. fxg6 c2 31. Qd2 Rc4 32. Rc1 Rhxd4 33. Rxd4 Qxd4+ 34. Qxd4 Rxd4 35. Rxc2 Rxb4 36. Rc7 Re4 37. Rb7 b4 38. Kf2 Kxg6 39. Kf3 f5 40. g4 e6 41. gxf5+ exf5 42. Rb8 Rh4 43. Kg3 Rc4 44. h4 Rg4+ 45. Kh3 Kf6 46. Rb6+ Ke5 47. h5 Rg5 48. Rb5+ Kf6 49. Rb6+ Ke5 50. Rb5+ Kf6 51. Rb6+ Ke5 1/2-1/2


[Site "https://www.chess.com"]

[Event "Titled Tuesday Blitz August 02 Late 2022"]
[White "Nazari, Arad"]
[Black "Szabo, Marcell"]
[WhiteFideId "12577324"]
[BlackFideId "2072033"]
[WhiteElo "2129"]
[BlackElo "1777"]
[Result "1-0"]
[Round "07"]
[TimeControl "180+1"]
[Date "2022.08.02"]
[WhiteClock "0:02:03"]
[BlackClock "0:01:47"]

1. d4 Nf6 2. c4 e5 3. dxe5 Ng4 4. Bf4 Nc6 5. Nf3 Bb4+ 6. Nbd2 Qe7 7. e3 Ngxe5 8. Nxe5 Nxe5 9. Be2 d6 10. O-O Bxd2 11. Qxd2 b6 12. b4 Bb7 13. c5 dxc5 14. bxc5 Qxc5 15. Rac1 Qe7 16. Qc3 Ng6 17. Qxg7 Nxf4 18. Qxh8+ Kd7 19. Rfd1+ Bd5 20. Rxd5+ Nxd5 21. Qxa8 Nxe3 22. Qc6+ Kc8 23. fxe3 Qxe3+ 24. Kf1 Qf4+ 25. Bf3 Qxh2 26. Qe8# 1-0


[Site "https://www.chess.com"]

[Event "Titled Tuesday Blitz August 02 Late 2022"]
[White "Oparin, Grigoriy"]
[Black "Martinez Alcantara, Jose Eduardo"]
[WhiteFideId "24125890"]
[BlackFideId "3805662"]
[WhiteElo "2639"]
[BlackElo "2703"]
[Result "1-0"]
[Round "07"]
[TimeControl "180+1"]
[Date "2022.08.02"]
[WhiteClock "0:00:19"]
[BlackClock "0:00:02"]

1. d4 Nf6 2. c4 e6 3. Nf3 Bb4+ 4. Bd2 Qe7 5. g3 Bxd2+ 6. Qxd2 Nc6 7. Bg2 d5 8. O-O O-O 9. Rd1 dxc4 10. Na3 Rd8 11. Nxc4 Bd7 12. Rac1 Rac8 13. Na5 Nxa5 14. Qxa5 Bc6 15. e3 Bd5 16. Qxa7 Ra8 17. Qc5 Qxc5 18. Rxc5 Rxa2 19. Rxc7 Rxb2 20. Ne5 Bxg2 21. Kxg2 Nd5 22. Rdc1 Nxc7 23. Rxc7 b5 24. Rb7 h6 25. g4 Ra8 26. Kg3 Rb1 27. h4 b4 28. Kf4 b3 29. f3 b2 30. Nc4 Rh1 31. Rxb2 Rxh4 32. Ne5 Rh3 33. Rb7 Rf8 34. Nd7 Re8 35. Ne5 h5 36. Rxf7 h4 37. Kg5 Kh7 38. Nd7 Rd8 39. Nf6+ Kh8 40. Nh5 Rg8 41. Nf4 Rh1 42. Ng6+ Kh7 43. Nxh4 Rd8 44. Ng6 Rd5+ 45. Ne5 Re1 46. Kf4 Ra1 47. Re7 Ra6 48. g5 Rd8 49. Kg4 Kg8 50. g6 Rf8 51. f4 Rc8 52. Kf3 Rf8 53. Ke4 Rc8 54. Nf7 Rb8 55. Ng5 e5 56. Ne6 exd4 57. exd4 Rc8 58. f5 Rb8 59. Rxg7+ Kh8 60. Rd7 Rc8 61. Ke5 Rb8 62. d5 Ra1 63. Kf6 Rh1 64. d6 Rg8 65. Rh7+ Rxh7 66. gxh7 Rd8 67. Nxd8 1-0


[Site "https://www.chess.com"]

[Event "Titled Tuesday Blitz August 02 Late 2022"]
[White "Pakleza, Zbigniew"]
[Black "Blanco Ronquillo, Humberto L."]
[WhiteFideId "1119290"]
[BlackFideId "3504239"]
[WhiteElo "2467"]
[BlackElo "2423"]
[Result "0-1"]
[Round "07"]
[TimeControl "180+1"]
[Date "2022.08.02"]
[WhiteClock "0:00:06"]
[BlackClock "0:01:06"]

1. d4 d5 2. Bf4 Nf6 3. e3 e6 4. Nd2 Bd6 5. Bg3 O-O 6. Ngf3 c5 7. c3 Qc7 8. Ne5 b6 9. f4 Bb7 10. Bd3 Ne4 11. Bxe4 dxe4 12. Nec4 Be7 13. f5 Qc8 14. fxe6 Qxe6 15. O-O Nd7 16. Ne5 Nxe5 17. Bxe5 f6 18. Bg3 cxd4 19. cxd4 Bd5 20. b3 Rac8 21. h3 Rc3 22. Qe2 Rfc8 23. Rfd1 Rc2 24. Qa6 Qd7 25. Be1 Bd6 26. Qf1 Bb8 27. Qa6 Bb7 28. Qa4 Bc6 29. Qa6 Bb5 30. Qa3 Qc7 31. Nf1 Bxf1 32. Kxf1 Qh2 33. Bf2 Rxf2+ 34. Kxf2 Rc2+ 0-1


[Site "https://www.chess.com"]

[Event "Titled Tuesday Blitz August 02 Late 2022"]
[White "Rosen, Eric"]
[Black "Rustemov, Alexander"]
[WhiteFideId "2032562"]
[BlackFideId "4119002"]
[WhiteElo "2362"]
[BlackElo "2765"]
[Result "1-0"]
[Round "07"]
[TimeControl "180+1"]
[Date "2022.08.02"]
[WhiteClock "0:00:15"]
[BlackClock "0:00:15"]

1. d4 g6 2. e4 Bg7 3. Nf3 d6 4. Bc4 e6 5. O-O Ne7 6. Bb3 Nd7 7. c3 b6 8. Re1 Bb7 9. Nbd2 h6 10. a4 a6 11. Nf1 O-O 12. Ng3 Kh7 13. h3 c5 14. Be3 Qc7 15. Rc1 Rad8 16. Nh2 Nf6 17. f3 e5 18. Qe2 h5 19. h4 Bh6 20. Nhf1 Rc8 21. Nh1 Nc6 22. d5 Na5 23. Bc2 c4 24. Nf2 Bxe3 25. Nxe3 Kg7 26. Nh3 Qc5 27. Qf2 Rh8 28. Kh1 Rc7 29. Qg3 Kf8 30. Re2 Bc8 31. Ng5 Kg7 32. Rf1 Re7 33. Nf5+ Bxf5 34. exf5 Nxd5 35. fxg6 Nf4 36. Qxf4 exf4 37. Rxe7 Qd5 38. Rxf7+ Kh6 39. Re1 Qd2 40. Re6 Re8 41. g7+ Rxe6 42. g8=N# 1-0


[Site "https://www.chess.com"]

[Event "Titled Tuesday Blitz August 02 Late 2022"]
[White "Saydaliev, Saidakbar"]
[Black "Djordjevic, Vuk"]
[WhiteFideId "14203693"]
[BlackFideId "902098"]
[WhiteElo "2265"]
[BlackElo "2456"]
[Result "0-1"]
[Round "07"]
[TimeControl "180+1"]
[Date "2022.08.02"]
[WhiteClock "0:01:46"]
[BlackClock "0:01:09"]

1. e4 e6 2. d4 d5 3. Nd2 Be7 4. e5 c5 5. c3 Nc6 6. Bd3 Bd7 7. Ne2 cxd4 8. cxd4 Nb4 9. Bb1 Bb5 10. Nf3 Rc8 11. O-O Qb6 12. a3 Qa6 13. Re1 Nd3 14. Bxd3 Bxd3 15. Nf4 Bc2 16. Qd2 h5 17. h4 Nh6 18. Nxh5 Nf5 19. g4 Be4 20. Ng5 Nxh4 0-1


[Site "https://www.chess.com"]

[Event "Titled Tuesday Blitz August 02 Late 2022"]
[White "Shohat, Yotam"]
[Black "Harshavardhan G B"]
[WhiteFideId "2813955"]
[BlackFideId "25059009"]
[WhiteElo "2119"]
[BlackElo "1831"]
[Result "1-0"]
[Round "07"]
[TimeControl "180+1"]
[Date "2022.08.02"]
[WhiteClock "0:00:02"]
[BlackClock "0:00:52"]

1. e4 e5 2. Nf3 Nc6 3. Nc3 Nf6 4. d4 exd4 5. Nxd4 Bb4 6. Nxc6 bxc6 7. Bd3 d5 8. Bd2 O-O 9. O-O Bxc3 10. Bxc3 Nxe4 11. Bxe4 dxe4 12. Re1 Qd5 13. Qe2 Bf5 14. Red1 Qe6 15. Rd4 Rad8 16. Qd2 Rd5 17. Rd1 Rfd8 18. Qe3 f6 19. b3 a6 20. h3 h5 21. Bb2 c5 22. R4d2 c4 23. Bc3 cxb3 24. cxb3 Kh7 25. Qe2 Bg6 26. Rxd5 Rxd5 27. Rxd5 Qxd5 28. Qxa6 Qd1+ 29. Kh2 Qc2 30. Qc6 Qxf2 31. Qxc7 e3 32. Bd4 Qd2 33. Bxf6 Qxg2+ 34. Kxg2 Be4+ 35. Kh2 Kg6 36. Qxg7+ Kf5 37. Qg5+ Ke6 38. Qe5+ Kf7 39. Qxe4 e2 40. Qxe2 Kxf6 41. Qxh5 Ke6 42. b4 Kd6 43. Qc5+ Kd7 44. b5 Ke6 45. b6 Kf7 46. b7 Kg6 47. b8=Q Kf7 48. a4 Ke6 49. Qbd6+ Kf7 50. a5 Ke8 51. a6 Kf7 52. a7 Kg8 53. a8=Q+ Kf7 54. Qaa7+ Kg8 55. Qae7 Kh8 56. Qh6+ Kg8 57. Qeg5+ Kf7 58. Qcf5+ Ke8 59. Qgg7 Kd8 60. Qff7 Kc8 61. Qhh7 Kb8 62. h4 Ka8 63. h5 Kb8 64. Qd7 Ka8 65. Qge7 Kb8 66. Qhf7 Ka8 67. h6 Kb8 68. h7 Ka8 69. Qc6+ Kb8 70. Qb4# 1-0


[Site "https://www.chess.com"]

[Event "Titled Tuesday Blitz August 02 Late 2022"]
[White "Steinberg, Nitzan"]
[Black "Svane, Frederik"]
[WhiteFideId "2801795"]
[BlackFideId "12923044"]
[WhiteElo "2471"]
[BlackElo "2459"]
[Result "0-1"]
[Round "07"]
[TimeControl "180+1"]
[Date "2022.08.02"]
[WhiteClock "0:00:03"]
[BlackClock "0:01:11"]

1. e4 c5 2. Nf3 d6 3. d4 cxd4 4. Nxd4 Nf6 5. Nc3 a6 6. Bd3 g6 7. h3 Bg7 8. Be3 b5 9. a3 Bb7 10. O-O O-O 11. f4 Nc6 12. Nb3 Nd7 13. Qd2 Rc8 14. Rae1 Re8 15. Kh1 Na5 16. f5 Nc4 17. Bxc4 Rxc4 18. Bd4 Ne5 19. Nd1 a5 20. c3 a4 21. Nc1 Qa8 22. Nf2 gxf5 23. Re3 fxe4 24. Ne2 Rxd4 25. Nxd4 Nc4 26. Qe2 Nxe3 27. Qxe3 Bc8 28. Nxe4 Qd5 29. Ng3 Bxh3 30. Rf2 Bd7 31. Ngf5 Bxd4 32. Nxd4 Qh5+ 33. Kg1 e5 34. Ne2 Qg6 35. Rf3 Bg4 36. Rg3 h5 37. Qd2 Re6 38. Rd3 Rf6 39. Ng3 h4 40. Nf1 Bf5 41. Ne3 Bxd3 42. Nd5 Rf1+ 0-1


[Site "https://www.chess.com"]

[Event "Titled Tuesday Blitz August 02 Late 2022"]
[White "Swiercz, Dariusz"]
[Black "Kosteniuk, Alexandra"]
[WhiteFideId "1126881"]
[BlackFideId "4128125"]
[WhiteElo "2627"]
[BlackElo "2469"]
[Result "1-0"]
[Round "07"]
[TimeControl "180+1"]
[Date "2022.08.02"]
[WhiteClock "0:00:55"]
[BlackClock "0:00:47"]

1. Nf3 d5 2. d4 Nf6 3. Bf4 c5 4. e3 Nc6 5. c3 Nh5 6. dxc5 Nxf4 7. exf4 Bg4 8. Nbd2 e6 9. Bb5 Qc7 10. Qa4 Bxf3 11. Nxf3 Bxc5 12. O-O O-O 13. Rad1 a6 14. Bd3 b5 15. Qc2 g6 16. g3 Rfc8 17. Qe2 Bd6 18. h4 h5 19. Rfe1 Ne7 20. Ng5 Qd7 21. a3 Rc6 22. Qf3 Bc7 23. Bb1 Bd6 24. g4 hxg4 25. Qxg4 Rc4 26. Rd4 Rxd4 27. cxd4 Nf5 28. h5 Re8 29. Kg2 Kg7 30. hxg6 fxg6 31. Nxe6+ 1-0


[Site "https://www.chess.com"]

[Event "Titled Tuesday Blitz August 02 Late 2022"]
[White "Toncheva, Nadya"]
[Black "Clarke, Brandon G I"]
[WhiteFideId "2924056"]
[BlackFideId "400319"]
[WhiteElo "1888"]
[BlackElo "2414"]
[Result "0-1"]
[Round "07"]
[TimeControl "180+1"]
[Date "2022.08.02"]
[WhiteClock "0:00:02"]
[BlackClock "0:00:03"]

1. d4 Nf6 2. c4 g6 3. Nc3 Bg7 4. e4 d6 5. Be2 O-O 6. Bg5 c5 7. d5 h6 8. Be3 e6 9. Qd2 exd5 10. exd5 Kh7 11. h4 Ng4 12. Bf4 Re8 13. Kf1 a6 14. Bxg4 Bxg4 15. f3 Bc8 16. Nh3 Bxh3 17. Rxh3 f5 18. Re1 Rxe1+ 19. Qxe1 Nd7 20. Bxd6 Nb6 21. Bxc5 Nxc4 22. b3 Rc8 23. Be7 Nd2+ 24. Qxd2 Qxe7 25. f4 Qb4 26. Nb1 Qe4 27. Rd3 Rc1+ 28. Qxc1 Qxd3+ 29. Kg1 Qxd5 30. Qd2 Qe4 31. Na3 b5 32. Nc2 h5 33. Ne1 Bd4+ 34. Kh1 Qe3 35. Qxe3 Bxe3 36. Nd3 Kg7 37. g3 Kf6 38. Kg2 Bd4 39. Kf3 a5 40. a4 bxa4 41. bxa4 Ke6 42. Ke2 Kd5 43. Kd2 Ke4 44. Ke2 Kd5 45. Kd2 Kc4 46. Kc2 Bc3 47. Nc1 Be1 48. Ne2 Kb4 49. Kd1 Bf2 50. Kc2 Kxa4 51. Nc3+ Ka3 52. Nb5+ Kb4 53. Nc7 Bxg3 54. Nd5+ Kc5 55. Ne7 Bxh4 56. Nxg6 Bg3 57. Ne7 Bxf4 58. Nxf5 Kc4 59. Ne7 h4 60. Kd1 h3 61. Nf5 h2 0-1


[Site "https://www.chess.com"]

[Event "Titled Tuesday Blitz August 02 Late 2022"]
[White "Valner, Uku"]
[Black "Drygalov, Sergey"]
[WhiteFideId "4502205"]
[BlackFideId "24171743"]
[WhiteElo "2287"]
[BlackElo "2523"]
[Result "0-1"]
[Round "07"]
[TimeControl "180+1"]
[Date "2022.08.02"]
[WhiteClock "0:00:09"]
[BlackClock "0:01:48"]

1. e4 c5 2. Nc3 d6 3. g3 Nf6 4. Bg2 g6 5. d3 Bg7 6. f4 O-O 7. Nf3 Nc6 8. O-O Rb8 9. h3 b5 10. Be3 b4 11. Ne2 a5 12. Qd2 Ba6 13. g4 a4 14. Rab1 Nd7 15. Rfd1 e6 16. d4 Nb6 17. b3 c4 18. f5 exf5 19. exf5 Nd5 20. Bg5 Qb6 21. bxc4 Bxc4 22. Nf4 Nc3 23. f6 Bh8 24. a3 Nxb1 25. Rxb1 b3 26. cxb3 axb3 27. Qc3 d5 28. Nd3 Rfe8 29. Kh1 h6 30. Bf4 Bxf6 31. Bxb8 Qxb8 32. Nc5 Qg3 33. Nxb3 Re2 34. Rg1 Qf4 35. Nbd2 Re3 36. Qc1 Nxd4 37. Nxc4 dxc4 38. Nxd4 Qxd4 39. Rd1 Rd3 40. Rxd3 cxd3 41. Bf3 Qf2 0-1


[Site "https://www.chess.com"]

[Event "Titled Tuesday Blitz August 02 Late 2022"]
[White "Vasquez Schroeder, Rodrigo"]
[Black "Sarana, Alexey"]
[WhiteFideId "3400042"]
[BlackFideId "24133795"]
[WhiteElo "2567"]
[BlackElo "2666"]
[Result "0-1"]
[Round "07"]
[TimeControl "180+1"]
[Date "2022.08.02"]
[WhiteClock "0:00:04"]
[BlackClock "0:00:13"]

1. d4 Nf6 2. c4 e6 3. Nf3 d5 4. Nc3 dxc4 5. e4 Bb4 6. Bxc4 Nxe4 7. O-O Nxc3 8. bxc3 Be7 9. Ne5 O-O 10. Re1 Nc6 11. Qg4 f5 12. Qg3 Nxe5 13. dxe5 Qe8 14. Qf3 Bc5 15. Rb1 Bd7 16. Qxb7 Bc6 17. Qa6 f4 18. Bd3 Rd8 19. Qc4 Bb6 20. Be4 Rd5 21. Ba3 Rf7 22. Bf3 Rf5 23. h3 h6 24. Re2 Rg5 25. Qxf4 Rd3 26. Be4 Bxe4 27. Qxe4 Rxh3 28. Bc1 Qh5 29. Qa8+ Kh7 30. Qe4+ Rg6 31. g3 Rxg3+ 32. Kf1 Rg1# 0-1


[Site "https://www.chess.com"]

[Event "Titled Tuesday Blitz August 02 Late 2022"]
[White "Vazquez Espino, Uriel"]
[Black "Nazaretyan, Tigran"]
[WhiteFideId "5119138"]
[BlackFideId "24162345"]
[WhiteElo "2396"]
[BlackElo "2179"]
[Result "0-1"]
[Round "07"]
[TimeControl "180+1"]
[Date "2022.08.02"]
[WhiteClock "0:00:19"]
[BlackClock "0:01:23"]

1. e4 c5 2. Nf3 Nc6 3. d4 cxd4 4. Nxd4 Nf6 5. Nc3 d6 6. Bc4 e5 7. Nf5 Bxf5 8. exf5 Qd7 9. g4 d5 10. Bxd5 O-O-O 11. Bf3 Nd4 12. Be3 h5 13. h3 Bb4 14. Kf1 Qc7 15. Bxd4 Rxd4 16. Qe2 Bxc3 17. bxc3 Qxc3 18. Rb1 e4 19. Bg2 Rhd8 20. Qb5 Rd1+ 21. Ke2 Qd2# 0-1


[Site "https://www.chess.com"]

[Event "Titled Tuesday Blitz August 02 Late 2022"]
[White "Wachinger, Nikolas"]
[Black "Sjugirov, Sanan"]
[WhiteFideId "12962791"]
[BlackFideId "4189302"]
[WhiteElo "2253"]
[BlackElo "2609"]
[Result "0-1"]
[Round "07"]
[TimeControl "180+1"]
[Date "2022.08.02"]
[WhiteClock "0:01:13"]
[BlackClock "0:01:56"]

1. d4 Nf6 2. Nf3 e6 3. Bf4 Be7 4. Nbd2 Nh5 5. Be3 d5 6. c4 O-O 7. Qc2 Nc6 8. a3 Bd7 9. g3 Nf6 10. Bg2 Ng4 11. Bf4 g5 12. h3 Nxf2 13. Kxf2 gxf4 14. gxf4 Bf6 15. e3 Kh8 16. h4 Rg8 17. Ng5 Rg7 18. cxd5 exd5 19. Bxd5 Nxd4 20. exd4 Bxd4+ 21. Kf3 Bg4+ 22. Kxg4 Qxd5 23. Qe4 Qd7+ 24. Qf5 h5+ 0-1


[Site "https://www.chess.com"]

[Event "Titled Tuesday Blitz August 02 Late 2022"]
[White "Wieczorek, Oskar"]
[Black "Grischuk, Alexander"]
[WhiteFideId "1133950"]
[BlackFideId "4126025"]
[WhiteElo "2330"]
[BlackElo "2762"]
[Result "0-1"]
[Round "07"]
[TimeControl "180+1"]
[Date "2022.08.02"]
[WhiteClock "0:00:02"]
[BlackClock "0:00:16"]

1. e4 e6 2. d4 d5 3. Nd2 c5 4. exd5 Qxd5 5. Ngf3 cxd4 6. g3 b6 7. Bc4 Qd8 8. Bb5+ Bd7 9. Nxd4 a6 10. Qf3 Ra7 11. Nc6 Nxc6 12. Bxc6 Nf6 13. O-O Rc7 14. Bxd7+ Qxd7 15. Rd1 Qc6 16. Qxc6+ Rxc6 17. c3 Be7 18. Nf3 O-O 19. Ne5 Rc7 20. Be3 Nd5 21. Bd2 f6 22. Ng4 Rfc8 23. Ne3 Nxe3 24. Bxe3 b5 25. a3 Kf7 26. Kf1 e5 27. Ke2 h5 28. h4 Ke6 29. Bb6 Rc4 30. Rd3 R8c6 31. Ba5 Rd6 32. Rad1 Rxd3 33. Rxd3 g5 34. hxg5 fxg5 35. Bb4 Rc8 36. Bxe7 Kxe7 37. Ke3 Ke6 38. Rd1 h4 39. gxh4 gxh4 40. Rh1 Rh8 41. Kf3 Kf5 42. Rg1 e4+ 43. Ke3 h3 44. Rh1 h2 45. f3 Rh3 46. Ke2 exf3+ 47. Kf2 Ke4 48. b3 Kd3 49. a4 Kxc3 0-1


[Site "https://www.chess.com"]

[Event "Titled Tuesday Blitz August 02 Late 2022"]
[White "Wu, Rochelle"]
[Black "Ohanyan, Emin"]
[WhiteFideId "30908132"]
[BlackFideId "13312022"]
[WhiteElo "2168"]
[BlackElo "1927"]
[Result "1-0"]
[Round "07"]
[TimeControl "180+1"]
[Date "2022.08.02"]
[WhiteClock "0:00:11"]
[BlackClock "0:00:03"]

1. e4 e5 2. Nf3 Nc6 3. Bb5 f5 4. d3 fxe4 5. dxe4 Nf6 6. Nc3 Bb4 7. Bd2 O-O 8. Qe2 Kh8 9. O-O-O d6 10. Qc4 Bxc3 11. Bxc3 Qe8 12. Kb1 a6 13. Bxc6 bxc6 14. h4 Be6 15. Qa4 c5 16. Qxe8 Raxe8 17. Rhe1 Ng4 18. Rd2 h6 19. Kc1 Kh7 20. a3 Bc8 21. Ba5 Re7 22. b4 cxb4 23. axb4 Bb7 24. c4 Rf4 25. Rde2 Nf6 26. Nd2 Rxh4 27. c5 d5 28. exd5 Nxd5 29. g3 Rd4 30. Rxe5 Rxe5 31. Rxe5 Nxb4 32. Bxb4 Rxb4 33. Re7 c6 34. Ne4 Bc8 35. Nd6 Bh3 36. Kc2 a5 37. Kc3 Rb1 38. Ne8 Rc1+ 39. Kd4 Rd1+ 40. Kc3 Rd5 41. Rxg7+ Kh8 42. Kc4 Bf1+ 43. Kb3 Rxc5 44. Rc7 Re5 45. Nf6 Bd3 46. Rxc6 Re2 47. Nd5 Be4 48. Rc8+ Kg7 49. Nf4 Rxf2 50. Rc7+ Kf6 51. Ra7 Rf3+ 52. Kc4 Ra3 53. Kd4 Bf3 54. Ra6+ Kg7 55. Ra7+ Kf6 56. Ra6+ Kg7 57. Ra7+ Kg8 58. Ke5 Rb3 59. Rxa5 Rb6 60. Ra7 Bb7 61. Ra5 Kf7 62. Kf5 Bc8+ 63. Ke4 Bb7+ 64. Ke5 Rb3 65. Rc5 Ke7 66. Rc7+ Ke8 67. Kf6 Rb6+ 68. Ne6 Rxe6+ 69. Kxe6 Ba6 70. Ra7 Bc4+ 71. Kf6 h5 72. Rh7 Bd3 73. Rxh5 Bc2 74. Re5+ Kf8 75. Rc5 Bf5 76. Kxf5 1-0


[Site "https://www.chess.com"]

[Event "Titled Tuesday Blitz August 02 Late 2022"]
[White "Zou, Chen"]
[Black "Maksimovic, Bojan"]
[WhiteFideId "8610959"]
[BlackFideId "14408120"]
[WhiteElo "2276"]
[BlackElo "2453"]
[Result "1-0"]
[Round "07"]
[TimeControl "180+1"]
[Date "2022.08.02"]
[WhiteClock "0:00:10"]
[BlackClock "0:00:03"]

1. e4 e5 2. Nf3 Nc6 3. Bc4 Nf6 4. d3 Be7 5. O-O O-O 6. c3 d6 7. h3 Na5 8. Bb5 a6 9. Ba4 b5 10. Bc2 c5 11. d4 Qc7 12. Nbd2 Re8 13. Re1 Bf8 14. Nf1 Nc6 15. d5 Ne7 16. a4 Rb8 17. axb5 axb5 18. g4 Ng6 19. Ng3 h6 20. Kh2 Nh7 21. Be3 Be7 22. Qd2 Nh4 23. Nxh4 Bxh4 24. b4 Ng5 25. Kg2 cxb4 26. cxb4 g6 27. Bd3 Qd7 28. f3 Qe7 29. Rec1 Qf6 30. Be2 h5 31. Ra7 hxg4 32. hxg4 Bxg4 33. fxg4 Bxg3 34. Rf1 Bf4 35. Bd3 Ra8 36. Rxa8 Rxa8 37. Bxf4 exf4 38. Qxf4 Ra2+ 39. Kg3 Qb2 40. Kh4 f6 41. Qxf6 Qxf6 42. Rxf6 Nh7 43. Rxg6+ Kf7 44. Rxd6 Rb2 45. Bxb5 Rxb4 46. Bd7 Ke7 47. Rh6 Nf8 48. Bf5 Rd4 49. d6+ Rxd6 50. Rxd6 Kxd6 51. Kg5 Ke7 52. Kf4 Kf6 53. e5+ Ke7 54. Ke4 Kf7 55. Kd4 Ke7 56. Ke3 Kf7 57. Kf3 Ke7 58. Kg3 Kf7 59. Kh4 Kg7 60. g5 Kf7 61. Kg4 Kg7 62. Kh5 Kf7 63. Kg4 Kg7 64. Kf4 Kf7 65. Ke4 Ke7 66. Kd5 Ke8 67. Kd6 Kf7 68. g6+ Kg7 69. e6 Kf6 70. e7 Nxg6 71. Bxg6 Kxg6 72. e8=Q+ Kf5 73. Qe6+ 1-0


[Site "https://www.chess.com"]

[Event "Titled Tuesday Blitz August 02 Late 2022"]
[White "Alekseenko, Kirill"]
[Black "Bortnyk, Olexandr"]
[WhiteFideId "4135539"]
[BlackFideId "14120828"]
[WhiteElo "2682"]
[BlackElo "2723"]
[Result "0-1"]
[Round "08"]
[TimeControl "180+1"]
[Date "2022.08.02"]
[WhiteClock "0:00:06"]
[BlackClock "0:00:05"]

1. e4 Nf6 2. e5 Nd5 3. c4 Nb6 4. a4 a5 5. Nc3 d6 6. exd6 exd6 7. d4 Nc6 8. Nf3 Be7 9. h3 Bf5 10. Bd3 Qd7 11. O-O O-O 12. Ne2 Bxd3 13. Qxd3 Nb4 14. Qc3 Qe6 15. c5 N6d5 16. Qc4 dxc5 17. dxc5 Bxc5 18. Ng3 Qc6 19. b3 Rfe8 20. Bb2 Be7 21. Qg4 Bf6 22. Rac1 Qa6 23. Bxf6 Qxf6 24. Nf5 g6 25. Ng3 c6 26. Rc4 Nd3 27. h4 Ne5 28. Nxe5 Rxe5 29. h5 Rae8 30. Kh2 Qg5 31. Qf3 R8e6 32. Rg4 Qe7 33. Qd3 Nf6 34. Rd4 Nxh5 35. Nxh5 Rxh5+ 36. Kg1 Qf6 37. g3 Rhe5 38. Rf4 Qe7 39. Kg2 Rd5 40. Qf3 h5 41. Rh1 Kg7 42. Rhh4 Rf6 43. Rxf6 Qxf6 44. Rf4 Rf5 45. Rxf5 Qxf5 46. Qc3+ Kg8 47. Kg1 Qd5 48. Qe3 b5 49. axb5 cxb5 50. Qc3 a4 51. Qc8+ Kh7 52. bxa4 bxa4 53. Qf8 Qb3 54. g4 hxg4 55. Qe7 a3 56. Qh4+ Kg7 57. Qxg4 Qb2 0-1


[Site "https://www.chess.com"]

[Event "Titled Tuesday Blitz August 02 Late 2022"]
[White "Andreikin, Dmitry"]
[Black "Shimanov, Aleksandr"]
[WhiteFideId "4158814"]
[BlackFideId "4198603"]
[WhiteElo "2736"]
[BlackElo "2605"]
[Result "0-1"]
[Round "08"]
[TimeControl "180+1"]
[Date "2022.08.02"]
[WhiteClock "0:00:03"]
[BlackClock "0:00:03"]

1. d4 Nf6 2. c4 g6 3. Nc3 Bg7 4. e4 d6 5. h3 O-O 6. Be3 Na6 7. Nf3 e5 8. d5 Nc5 9. Nd2 a5 10. Be2 c6 11. O-O Nfd7 12. Nb3 Nxb3 13. axb3 c5 14. Nb5 Ra6 15. Qd2 Nf6 16. Bf3 Ne8 17. Be2 Bd7 18. Kh1 Bxb5 19. cxb5 Ra8 20. g4 Nf6 21. Bf3 Nd7 22. Rg1 b6 23. Rg3 f6 24. h4 Qe7 25. Kg2 Kf7 26. g5 Ke8 27. h5 f5 28. exf5 gxf5 29. h6 Bh8 30. Bh5+ Kd8 31. f4 Kc7 32. Kh3 Rg8 33. Rag1 e4 34. g6 hxg6 35. Rxg6 Rxg6 36. Rxg6 Nf6 37. Qd1 Rg8 38. Rg5 Qf8 39. Rxg8 Qxg8 40. Be2 Qg6 41. b4 Qxh6+ 42. Kg2 Qg7+ 43. Kh3 axb4 44. Qa4 Nd7 45. Qa8 Qh6+ 46. Kg2 Qg7+ 47. Kf1 Qxb2 48. Bf2 Qa1+ 49. Kg2 Qxa8 0-1


[Site "https://www.chess.com"]